 Dungeon Crawl Stone Soup version 0.20-a0-1026-gc3ddcbd (webtiles) character file.

110 George the Shield-Bearer (level 4, -2/40 HPs)
             Began as a Minotaur Fighter on Apr 20, 2017.
             Was an Initiate of Wu Jian.
             Killed by nerve-wracking pain
             ... invoked by an orc priest
              (7 damage)
             ... on level 3 of the Dungeon.
             The game lasted 00:02:48 (1218 turns).

George the Shield-Bearer (Minotaur Fighter)         Turns: 1218, Time: 00:02:49

Health: -2/40      AC: 10    Str: 23    XL:     4   Next: 61%
Magic:  3/3        EV:  6    Int:  5    God:    Wu Jian [......]
Gold:   84         SH: 10    Dex: 12    Spells: 3/3 levels left

rFire    . . .     SeeInvis .   a - +0 long sword
rCold    + . .     Gourm    .   c - +0 shield
rNeg     . . .     Faith    .   p - +0 chain mail
rPois    .         Spirit   .   (helmet unavailable)
rElec    .         Reflect  .   q - scarf {rC+}
rCorr    .         Harm     .   (no gloves)
MR       .....                  (no boots)
Stlth    ..........             (no amulet)
Regen    0.2/turn               (no ring)
MPRegen  0.1/turn               (no ring)

@: lethally poisoned (-2 -> -13)
A: retaliatory headbutt, horns 3, agile 1, shaggy fur 1, strong 1
a: Renounce Religion


You were on level 3 of the Dungeon.
You worshipped Wu Jian.
Wu Jian was noncommittal.
You were not hungry.

You visited 1 branch of the dungeon, and saw 3 of its levels.

You collected 84 gold pieces.

Inventory:

Hand Weapons
 a - a +0 long sword (weapon)
Missiles
 k - 8 javelins (quivered)
 n - 2 tomahawks
Armour
 c - a +0 shield (worn)
 p - a +0 chain mail (worn)
 q - a scarf of cold resistance (worn)
Scrolls
 h - 6 scrolls of teleportation {unknown}
 i - 3 scrolls of identify {unknown}
 j - 2 scrolls of remove curse {unknown}
 l - a scroll of noise {unknown}
 o - a scroll of recharging {unknown}
Potions
 d - 2 potions of might
 g - a potion of mutation
 r - a potion of flight {unknown}
Comestibles
 b - a royal jelly
 f - 2 bread rations
 m - a meat ration


   Skills:
 + Level 4.3 Fighting
 * Level 3.6 Long Blades
 + Level 4.2 Armour
 + Level 1.8 Dodging
 + Level 4.3 Shields


You had 3 spell levels left.
You didn't know any spells.

Dungeon Overview and Level Annotations

Branches:
Dungeon (3/15)

Altars:
Wu Jian
Xom


Innate Abilities, Weirdness & Mutations

You reflexively headbutt those who attack you in melee.
You have a pair of large horns on your head.
You are agile. (Dex +2)
You are covered in fur. (AC +1)
Your muscles are strong. (Str +2)


Message History

The orc priest casts a cantrip, but nothing happens.
The adder bites you but does no damage. You block the orc priest's attack.
* * * LOW HITPOINT WARNING * * *
You feel sick. The adder bites you.
* * * LOW HITPOINT WARNING * * *
You are more poisoned.
The adder poisons you!
* * * LOW HITPOINT WARNING * * *
You feel sick.
It was a potion of mutation.
You feel extremely strange.
You feel stronger. The horns on your head grow some more.
You feel agile. Fur sprouts all over your body.
* * * LOW HITPOINT WARNING * * *
You feel sick.
It was a potion of magic.
Magic courses through your body.
* * * LOW HITPOINT WARNING * * *
You feel sick. You block the adder's attack.
The orc priest calls down the wrath of Beogh upon you.
Pain shoots through your body!
You die...

######...†...)......(...
#####..............
#..............).
#..#.#.#<.........
.................(.
###...............##
#######.?..######
####...# #...o@##
#.###S### # #oo%# #.#..#
#........>....
...#......(#...
.).......# ..
.%##.......# . <
#.......#


You could see 2 orc priests, an adder and an orc.

Vanquished Creatures
  Robin (D:2)
  3 adders
  2 worms (D:2)
  5 dart slugs
  2 leopard geckos
  8 bats
  A giant cockroach (D:2)
  9 goblins
  11 hobgoblins
  6 kobolds
  A quokka (D:2)
  2 frilled lizards (D:2)
  4 rats
55 creatures vanquished.

Notes
Turn   | Place    | Note
-------+----------+-------------------------------------------
     0 | D:1      | George the Minotaur Fighter began the quest for the Orb.
     0 | D:1      | Reached XP level 1. HP: 19/19 MP: 0/0
    98 | D:1      | Reached XP level 2. HP: 27/27 MP: 1/1
   306 | D:2      | Reached skill level 1 in Dodging
   317 | D:2      | Reached XP level 3. HP: 33/33 MP: 2/2
   465 | D:2      | Noticed Robin
   498 | D:2      | Killed Robin
   728 | D:2      | Found a faded altar of an unknown god.
   814 | D:2      | Reached XP level 4. HP: 40/40 MP: 3/3
   882 | D:2      | Found an ornate altar of the Wu Jian Council.
   887 | D:2      | Became a worshipper of the Wu Jian Council
  1060 | D:2      | Found a shimmering altar of Xom.
  1217 | D:3      | Gained mutation: Your muscles are strong. (Str +2) [potion of mutation]
  1217 | D:3      | Gained mutation: You have a pair of large horns on your head. [potion of mutation]
  1217 | D:3      | Gained mutation: You are agile. (Dex +2) [potion of mutation]
  1217 | D:3      | Gained mutation: You are covered in fur. (AC +1) [potion of mutation]
  1218 | D:3      | Killed from afar by an orc priest

Vault maps used:
D:1:      mrwooster_arrival_statue
D:2:      lemuel_doored_altar, tgw_xom, chequers_ecumenical_altar_simple_redux,
          uniq_robin
D:3:      first_bread

Skill      XL: |  1  2  3 |
---------------+----------+-----
Armour         | 4 |  4.2
Long Blades    | 3 |  3.6
Dodging        | 1 |  1.8
Shields        | 4 |  4.3
Fighting       | 4 |  4.3

Action                   |  1- 3 |  4- 6 || total
-------------------------+-------+-------++-------
Melee: Long sword        |    79 |    46 ||   125
       Headbutt          |    17 |     6 ||    23
  Use: Potion            |       |     2 ||     2
  Eat: Chunk             |       |     1 ||     1
Armor: Scale mail        |    25 |       ||    25
       Chain mail        |    22 |    23 ||    45
Dodge: Dodged            |    26 |    12 ||    38
Block: Shield            |    52 |    28 ||    80
       Rpst.: Long sword |    10 |     2 ||    12
